 Dungeon Crawl Stone Soup version 0.29-a0-973-gac7da5f7f0 (webtiles) character file.

Game seed: 4065599914970286435

128 Sabo the Digger (level 4, -1/39 HPs)
             Began as a Troll Earth Elementalist on July 31, 2022.
             Was a Priest of Vehumet.
             Succumbed to a scorpion's poison
             ... on level 4 of the Dungeon.
             The game lasted 00:30:23 (4654 turns).

Sabo the Digger (Troll Earth Elementalist)          Turns: 4654, Time: 00:30:24

Health: -1/39      AC:  5    Str: 22    XL:     4   Next: 87%
Magic:  1/6        EV: 10    Int: 13    God:    Vehumet [***...]
Gold:   188        SH:  5    Dex: 10    Spells: 6/7 levels left

rFire   . . .      SeeInvis .   t - +0 broad axe
rCold   . . .      Faith    .   (no shield)
rNeg    . . .      Spirit   .   a - +1 robe
rPois   .          Reflect  +   (helmet restricted)
rElec   .          Harm     .   (no cloak)
rCorr   +          Rampage  .   (gloves unavailable)
Will    .....      Rage     3%  (boots unavailable)
Stlth   +.........              i - amulet of reflection
HPRegen 0.93/turn               g - +6 ring of strength
MPRegen 0.10/turn               r - ring of resist corrosion

@: lethally poisoned (-1 -> -10), flying
A: large, unfitting armour, claws 3, regeneration 1, shaggy fur 1, tough skin 1,
berserk 1
a: Renounce Religion


You were on level 4 of the Dungeon.
You worshipped Vehumet.
Vehumet was most pleased with you.
You visited 1 branch of the dungeon, and saw 4 of its levels.

You collected 188 gold pieces.

Inventory:

Hand Weapons
 f - a +0 sling
 t - a +0 broad axe (weapon)
Missiles
 o - 6 poisoned darts (quivered)
Armour
 a - a +1 robe (worn)
Jewellery
 g - a +6 ring of strength (left claw)
 i - an amulet of reflection (around neck)
 r - a ring of resist corrosion (right claw)
Wands
 c - a wand of polymorph (4)
Scrolls
 b - a scroll of magic mapping
Potions
 d - a potion of mutation
 e - a potion of might {unknown}
 j - 2 potions of attraction {unknown}
 k - a potion of berserk rage {unknown}
 n - 2 potions of heal wounds {unknown}
 p - a potion of resistance {unknown}
 q - a potion of curing {unknown}
 s - 2 potions of cancellation {unknown}


   Skills:
 + Level 0.2 Fighting
 + Level 0.5 Short Blades
 + Level 0.7 Axes
 + Level 1.9 Dodging
 + Level 1.1 Stealth
 + Level 0.2 Unarmed Combat
 + Level 2.1 Spellcasting
 + Level 0.6 Transmutations
 + Level 3.7 Earth Magic


You had 6 spell levels left.
You knew the following spells:

 Your Spells              Type           Power      Damage    Failure   Level
a - Sandblast             Erth           22%        2d7       1%          1

Your spell library contained the following spells:

 Spells                   Type           Power      Damage    Failure   Level
 Scorch                   Fire           2%         2d5       11%         2
 Stone Arrow              Conj/Erth      12%        3d7       10%         3
 Passwall                 Tmut/Erth      5%         N/A       16%         2
 Lee's Rapid Deconstruct  Erth           5%         3d7*      36%         5
 Fulminant Prism          Conj/Hex       0%         3d6       50%         4
 Iskenderun's Mystic Bla  Conj/Tloc      1%         2d3       50%         4
 Petrify                  Tmut/Erth      6%         N/A       71%         4


Dungeon Overview and Level Annotations

Branches:
Dungeon (4/15)
 Temple: D:4-7

Altars:
Makhleb
Qazlal
Vehumet

Shops:
D:1 (?[([


Innate Abilities, Weirdness & Mutations

You are too large for most types of armour.
You have claws for hands.
Your natural rate of healing is unusually fast.
You are covered in fur. (AC +1)
You have tough skin. (AC +1)
You sometimes lose your temper in combat.


Message History

Aim: a scorpion (severely wounded, 82% to hit)
The blast of sand hits the scorpion.
The scorpion is almost dead.
You feel very sick. The scorpion stings you.
The scorpion stings you but does no damage.
Casting: Sandblast (safe; 1% risk of failure)
Confirm with . or Enter, or press ? or * to list all spells.
Aiming: Sandblast (safe; 1% risk of failure)
Press: ? - help, Shift-Dir - straight line, f/p - scorpion
Aim: a scorpion (almost dead, 82% to hit)
The blast of sand hits the scorpion but does no damage.
The scorpion is almost dead.
You feel sick. You block the scorpion's attack. The scorpion barely misses you.
The scorpion stings you but does no damage.
Casting: Sandblast (safe; 1% risk of failure)
Confirm with . or Enter, or press ? or * to list all spells.
Okay, then.
You hit the scorpion but do no damage.
The scorpion is almost dead.
You feel sick. The scorpion closely misses you. The scorpion stings you.
You are more poisoned.
The scorpion poisons you!
You barely miss the scorpion.
The scorpion is almost dead.
You feel very sick. The scorpion completely misses you.
You block the scorpion's attack.
You hit the scorpion.
The scorpion is almost dead.
You feel very sick. The scorpion stings you.
* * * LOW HITPOINT WARNING * * *
The scorpion stings you.
* * * LOW HITPOINT WARNING * * *
You are lethally poisoned!
The scorpion poisons you!
It was a potion of flight.
You feel very buoyant.
You fly up into the air.
You die...

... .... ##...#
=... #... ###..#
#.#s.# ##.@..###
#.......#
###.#.##...#
##...### .####
#...#### ..#.
#..###.# #...
#..#...## #...
#....#...##.###
##...#........####


You could see a scorpion.

Vanquished Creatures
  Robin (D:3)
  3 adders (D:3)
  A worm (D:2)
  A dart slug (D:1)
  An orc (D:3)
  5 endoplasms
  2 giant cockroaches
  14 goblins
  10 hobgoblins
  10 jackals
  3 kobolds
  3 quokkas
  6 ball pythons
  4 bats
  3 frilled lizards
  9 rats
76 creatures vanquished.

Vanquished Creatures (others)
  19 plants (D:3)
19 creatures vanquished.

Grand Total: 95 creatures vanquished

Notes
Turn   | Place    | Note
-------+----------+-------------------------------------------
     0 | D:1      | Sabo the Troll Earth Elementalist began the quest for the
                  | Orb.
     0 | D:1      | Reached XP level 1. HP: 16/16 MP: 1/1
   144 | D:1      | Reached skill level 3 in Earth Magic
   303 | D:1      | Found a faded altar of an unknown god.
   314 | D:1      | Prayed at the altar of an unknown god.
   314 | D:1      | Became a worshipper of Vehumet
   314 | D:1      | Reached * piety under Vehumet
   314 | D:1      | Offered knowledge of Freeze by Vehumet.
   358 | D:1      | Reached XP level 2. HP: 21/24 MP: 2/2
   546 | D:1      | Found Baatuhagh's Antique Armour Shoppe.
   586 | D:1      | Found Jiaseq's Armour Emporium.
   596 | D:1      | Found Ypesuv's Magic Scroll Boutique.
   915 | D:1      | Found Pooler's Weapon Boutique.
   989 | D:1      | Found Rischuto's Antique Weapon Shoppe.
  1014 | D:1      | Reached ** piety under Vehumet
  1067 | D:1      | Offered knowledge of Searing Ray by Vehumet.
  1068 | D:1      | Reached XP level 3. HP: 31/31 MP: 1/4
  2638 | D:3      | Noticed Robin
  2647 | D:3      | Killed Robin
  2648 | D:3      | Reached XP level 4. HP: 39/39 MP: 1/5
  2652 | D:3      | Offered knowledge of Scorch by Vehumet.
  3187 | D:3      | Reached *** piety under Vehumet
  3666 | D:3      | Found a stormy altar of Qazlal.
  3680 | D:3      | Found a burning altar of Makhleb.
  4448 | D:3      | Gained mutation: You occasionally lose the ability to drink
                  | potions when taking damage. [potion of mutation]
  4449 | D:3      | Lost mutation: You occasionally lose the ability to drink
                  | potions when taking damage. [potion of mutation]
  4449 | D:3      | Gained mutation: You sometimes lose your temper in combat.
                  | [potion of mutation]
  4641 | D:4      | Noticed a scorpion
  4653 | D:4      | HP: 1/39 [scorpion (6)]
  4654 | D:4      | Succumbed to a scorpion's poison

Illustrated notes

Levels and vault maps discovered:
D:1:      wander_arrival_abandoned_jail, layout_loops_ring,
          shapermc_ecumenical_altar_flowoftime, serial_shops,
          nicolae_shop_bloodbath_and_beyond, nicolae_shop_overgrown_old_shop,
          nicolae_shop_trees, shop, shop_statue, bh_walls_and_bars
D:2:      layout_rooms, hangedman_decor_growths
D:3:      layout_loops_ring, grunt_temple_overflow_open, serial_bayou,
          serial_bayou_shore_a, serial_bayou_pond_d, serial_bayou_crossing,
          serial_bayou_pond_c, grunt_decor_junction, uniq_robin
D:4:      layout_cave_pools, gammafunk_ghost_nasty_kobolds

Skill      XL: |  1  2  3  4 |
---------------+-------------+-----
Earth Magic    | 3 |  3.7
Spellcasting   | 2 |  2.1
Fighting       | |  0.2
Short Blades   | |  0.5
Axes           | |  0.7
Dodging        | |  1.9
Stealth        | |  1.1
Unarmed Combat | |  0.2
Transmutations | |  0.6

Action                   |  1- 3 |  4- 6 || total
-------------------------+-------+-------++-------
Melee: Dagger            |    35 |       ||    35
       Unarmed           |     3 |       ||     3
       Hand axe          |     1 |    32 ||    33
       Broad axe         |       |    10 ||    10
Throw: Dart              |     3 |       ||     3
 Cast: Sandblast         |    63 |    34 ||    97
  Use: Scroll            |     3 |     3 ||     6
       Potion            |     1 |     3 ||     4
 Stab: Sleeping          |     1 |       ||     1
Armor: Robe              |    39 |    15 ||    54
       Skin              |     4 |     2 ||     6
Dodge: Dodged            |    32 |    26 ||    58
Block: Other             |     2 |    22 ||    24
       Reflection        |       |     1 ||     1

Table legend: (Time is in decaauts)
 A = Elapsed time spent in this place.
 B = Non-inter-level travel time spent in this place.
 C = Inter-level travel time spent in this place.
 D = Time resting spent in this place.
 E = Time spent auto-exploring this place.
 F = Levels seen in this place.
 G = Mean time per level.
                   A        B        C        D        E       F      G
               +--------+--------+--------+--------+--------+-----+--------+
         Total |   4813 |   4813 |      0 |   1888 |      0 |   4 | 1203.2 |
       Dungeon |   4813 |   4813 |      0 |   1888 |      0 |   4 | 1203.2 |
               +--------+--------+--------+--------+--------+-----+--------+

Top non-repeatable levels by time:
     D:3: 2180 daAuts
     D:1: 1610 daAuts
     D:2: 810 daAuts
     D:4: 211 daAuts
